[Event "Titled Tuesday Blitz August 02 Early 2022"]
[White "Nakamura, Hikaru"]
[Black "Martinez Alcantara, Jose Eduardo"]
[WhiteFideId "2016192"]
[BlackFideId "3805662"]
[WhiteElo "2850"]
[BlackElo "2703"]
[Result "1-0"]
[Round "11"]
[TimeControl "180+1"]
[Date "2022.08.02"]
[WhiteClock "0:00:03"]
[BlackClock "0:00:03"]

1. Nf3 Nf6 2. d4 d5 3. Bf4 e6 4. e3 Bd6 5. Bg3 b6 6. Nbd2 Bb7 7. c4 Nbd7 8. Rc1 O-O 9. Bd3 h6 10. O-O Bxg3 11. hxg3 c5 12. cxd5 Nxd5 13. a3 cxd4 14. Nxd4 Rc8 15. Qe2 Rxc1 16. Rxc1 Qb8 17. Bb5 N7f6 18. Nc6 Bxc6 19. Rxc6 Rc8 20. Qc4 Ne7 21. Rxc8+ Qxc8 22. Qxc8+ Nxc8 23. e4 Kf8 24. f3 Ke7 25. Kf2 Nd6 26. Bc6 Nd7 27. f4 Nb8 28. Ba4 f6 29. Ke3 b5 30. Bb3 Nc6 31. Ba2 a5 32. g4 g5 33. g3 a4 34. Nb1 b4 35. Nd2 bxa3 36. bxa3 Nb5 37. Nb1 e5 38. Bc4 Ncd4 39. Bxb5 Nxb5 40. fxe5 fxe5 41. Kd3 Kd6 42. Kc4 Kc6 43. Kb4 Nd4 44. Nc3 Nc2+ 45. Kxa4 Ne3 46. Kb4 Nxg4 47. Kc4 h5 48. Kd3 h4 49. gxh4 gxh4 50. Ke2 h3 51. Kf3 h2 52. Kg2 Kc5 53. Ne2 Kb5 54. Ng3 Ka4 55. Kh3 h1=Q+ 56. Nxh1 Nf2+ 57. Nxf2 Kxa3 58. Kg4 1-0


[Site "https://www.chess.com"]

[Event "Titled Tuesday Blitz August 02 Early 2022"]
[White "Odegov, Artem"]
[Black "Pranav Anand"]
[WhiteFideId "34183644"]
[BlackFideId "46626786"]
[WhiteElo "2286"]
[BlackElo "2259"]
[Result "1-0"]
[Round "11"]
[TimeControl "180+1"]
[Date "2022.08.02"]
[WhiteClock "0:00:05"]
[BlackClock "0:01:17"]

1. d4 Nf6 2. c4 b6 3. Nf3 Bb7 4. g3 e6 5. Bg2 Bb4+ 6. Bd2 Be7 7. O-O d5 8. Ne5 O-O 9. Nc3 c5 10. e3 Nbd7 11. Qc2 Rc8 12. Rad1 cxd4 13. exd4 Qc7 14. Bf4 Qd8 15. Rfe1 Ba8 16. Qe2 Bb4 17. Bg5 Bxc3 18. bxc3 dxc4 19. Bxa8 Rxa8 20. d5 Nxe5 21. dxe6 Qc7 22. Qxe5 Qxe5 23. Rxe5 fxe6 24. Rxe6 Rad8 25. Rxd8 Rxd8 26. Bxf6 gxf6 27. Rc6 Rd2 28. a4 Kf7 29. Rxc4 Ke6 30. Rc7 a5 31. Rc6+ Rd6 32. Rc4 Kd5 33. Rd4+ Kc5 34. Rh4 Rd3 35. Rxh7 Kc4 36. Rc7+ Kb3 37. h4 Kxa4 38. Rc6 Kb5 39. Rxf6 a4 40. Rf8 Rxc3 41. Ra8 Kb4 42. h5 Rc5 43. g4 a3 44. h6 Rc7 45. g5 Rc5 46. f4 Rc7 47. g6 Rc6 48. f5 Rc4 49. h7 Rh4 50. Kf2 a2 51. g7 a1=Q 52. Rxa1 Rxh7 53. g8=Q Rh2+ 54. Kg3 Rb2 55. Qf8+ Kc3 56. Ra3+ Kc2 57. Qc8+ Kb1 58. Rc3 1-0


[Site "https://www.chess.com"]

[Event "Titled Tuesday Blitz August 02 Early 2022"]
[White "Piesik, Piotr"]
[Black "Szpar, Milosz"]
[WhiteFideId "1136194"]
[BlackFideId "1184989"]
[WhiteElo "2242"]
[BlackElo "2422"]
[Result "1-0"]
[Round "11"]
[TimeControl "180+1"]
[Date "2022.08.02"]
[WhiteClock "0:00:25"]
[BlackClock "0:00:03"]

1. d4 Nf6 2. c4 c5 3. d5 e6 4. Nc3 exd5 5. cxd5 d6 6. e4 g6 7. f4 Bg7 8. Bb5+ Nfd7 9. a4 O-O 10. Nf3 Na6 11. O-O Nb4 12. Re1 a6 13. Bf1 Re8 14. h3 f5 15. Bd2 fxe4 16. Nxe4 Nf6 17. Nxf6+ Bxf6 18. Qb3 Rxe1 19. Rxe1 Bd7 20. Bc3 a5 21. Nd2 Qf8 22. Nc4 Bh4 23. Re4 Bf5 24. Re3 Bc2 25. Qa3 Qxf4 26. Rf3 Qe4 27. Nxd6 Qe7 28. Nf7 Qxf7 29. Rxf7 Kxf7 30. d6 Ke6 31. Bxb4 axb4 32. Qe3+ Kf7 33. Bc4+ Kg7 34. Qxc5 Rxa4 35. Qc7+ Kh6 36. d7 Ra1+ 37. Kh2 Rd1 38. Be6 b3 39. Qf4+ Bg5 40. Qf8+ Kh5 41. g4+ Kh4 42. Qf2# 1-0


[Site "https://www.chess.com"]

[Event "Titled Tuesday Blitz August 02 Early 2022"]
[White "Ponce Cano, Adrian"]
[Black "Vachylia, Andrii"]
[WhiteFideId "22296913"]
[BlackFideId "14137224"]
[WhiteElo "2261"]
[BlackElo "2318"]
[Result "0-1"]
[Round "11"]
[TimeControl "180+1"]
[Date "2022.08.02"]
[WhiteClock "0:01:09"]
[BlackClock "0:00:38"]

1. e4 c5 2. Nf3 d6 3. c3 Nf6 4. Be2 g6 5. O-O Bg7 6. Re1 O-O 7. Bf1 e5 8. h3 Nc6 9. d4 cxd4 10. cxd4 exd4 11. Nxd4 Nxd4 12. Qxd4 Re8 13. Qb4 a5 14. Qc4 d5 15. Qb3 dxe4 16. Nc3 Qe7 17. Bg5 Bf5 18. Bb5 Red8 19. g4 Be6 20. Qc2 Qc5 21. Bxf6 Bxf6 22. Ba4 Bxc3 23. bxc3 h5 24. Rxe4 Rac8 25. Rc1 hxg4 26. hxg4 Qg5 27. Rce1 Bf5 28. Re8+ Rxe8 29. Rxe8+ Rxe8 0-1


[Site "https://www.chess.com"]

[Event "Titled Tuesday Blitz August 02 Early 2022"]
[White "Seo, Jung Min"]
[Black "Khripachenko, Alexander"]
[WhiteFideId "1734687"]
[BlackFideId "54184975"]
[WhiteElo "2414"]
[BlackElo "2147"]
[Result "1-0"]
[Round "11"]
[TimeControl "180+1"]
[Date "2022.08.02"]
[WhiteClock "0:00:08"]
[BlackClock "0:00:08"]

1. e4 c6 2. Nf3 d5 3. d3 Qc7 4. Nc3 dxe4 5. dxe4 e5 6. Bc4 Nd7 7. Ng5 Nh6 8. O-O b5 9. Bb3 Nc5 10. Qf3 a5 11. a4 b4 12. Nb1 Nxb3 13. Qxb3 f6 14. Ne6 Qf7 15. Nxf8 Qxb3 16. cxb3 Rxf8 17. Bxh6 gxh6 18. Nd2 Be6 19. Rfc1 Kd7 20. Rc5 Rfc8 21. Rac1 Kd6 22. f3 Ra6 23. Kf2 h5 24. h4 Rd8 25. Ke3 Rg8 26. Kf2 Rd8 27. R5c2 Bf7 28. Nc4+ Ke7 29. Ke2 Rg8 30. Ke3 Rd8 31. Nd2 Rd6 32. Rc5 Be6 33. Nc4 Bxc4 34. R5xc4 Kd7 35. Rg1 Ke6 36. g4 hxg4 37. Rxg4 Rd1 38. Rg7 Re1+ 39. Kf2 Rh1 40. Kg2 Rxh4 41. Rc7 Kd6 42. Rf7 Rh6 43. Rc1 Ke6 44. Rc7 Kd6 45. Rb7 Rg6+ 46. Kf2 Rh6 47. Rd1+ Kc5 48. Ke3 Rh2 49. Rc1+ Kd6 50. Rd1+ Ke6 51. Rdd7 Rxb2 52. Re7+ Kd6 53. Rxh7 Rxb3+ 54. Kf2 Ra3 55. Rhf7 Rxa4 56. Rxf6+ Kc5 57. Re6 Rb6 58. Rxe5+ Kd6 59. Rxb6 Kxe5 60. Rxc6 b3 61. Ke3 Rxe4+ 62. fxe4 a4 63. Rb6 1-0


[Site "https://www.chess.com"]

[Event "Titled Tuesday Blitz August 02 Early 2022"]
[White "Shimanov, Aleksandr"]
[Black "Manukyan, Sargis A."]
[WhiteFideId "4198603"]
[BlackFideId "13303970"]
[WhiteElo "2605"]
[BlackElo "2187"]
[Result "0-1"]
[Round "11"]
[TimeControl "180+1"]
[Date "2022.08.02"]
[WhiteClock "0:00:19"]
[BlackClock "0:00:41"]

1. e4 e6 2. d4 d5 3. Nc3 Bb4 4. Ne2 dxe4 5. a3 Bxc3+ 6. Nxc3 Nc6 7. Bf4 Nf6 8. Bb5 O-O 9. Bxc6 bxc6 10. Qd2 Nd5 11. O-O Rb8 12. b4 Nxf4 13. Qxf4 Qxd4 14. Nxe4 f5 15. Qxc7 Rb7 16. Qxc6 Qxe4 17. Qc5 Qd5 18. Qe3 Rc7 19. Rad1 Qe4 20. Qxe4 fxe4 21. Rd2 Bb7 22. Re1 Bd5 23. Re3 Rfc8 0-1


[Site "https://www.chess.com"]

[Event "Titled Tuesday Blitz August 02 Early 2022"]
[White "Skliarov, Viktor"]
[Black "Zhigalko, Sergei"]
[WhiteFideId "14106736"]
[BlackFideId "13502956"]
[WhiteElo "2257"]
[BlackElo "2662"]
[Result "0-1"]
[Round "11"]
[TimeControl "180+1"]
[Date "2022.08.02"]
[WhiteClock "0:00:03"]
[BlackClock "0:00:04"]

1. e4 c5 2. Nf3 Nc6 3. Bb5 Nf6 4. Bxc6 dxc6 5. d3 Bg4 6. h3 Bh5 7. g4 Bg6 8. Ne5 Nd7 9. Nxg6 hxg6 10. Be3 e6 11. Nd2 Bd6 12. Qe2 Qa5 13. a3 O-O-O 14. O-O-O b5 15. f4 Qa4 16. e5 Be7 17. Ne4 f5 18. exf6 gxf6 19. Qf3 b4 20. b3 Qxa3+ 21. Kd2 f5 22. Ra1 Qb2 23. Nd6+ Kc7 24. Nc4 Qc3+ 25. Ke2 Ra8 26. Ra6 Qxc2+ 27. Bd2 Nb8 28. Ne5 Qxb3 29. Rxc6+ Kd8 30. Rc8+ Kxc8 31. Qxa8 fxg4 32. Qxa7 Qd5 33. Qxe7 Qg2+ 34. Ke3 Qxh1 35. Qxe6+ Kb7 36. Qe7+ Ka8 37. hxg4 Rh3+ 38. Kf2 Rh2+ 39. Ke3 Qg1+ 40. Ke4 Qg2+ 41. Nf3 Qe2+ 42. Be3 Qa2 43. Qxc5 Qa6 44. Ne5 Qb7+ 45. Kd4 Ra2 46. Nc4 Ra6 47. f5 b3 48. Nb2 gxf5 49. gxf5 Nd7 50. Qd5 Qxd5+ 51. Kxd5 Nf6+ 52. Kc5 Ng4 53. Bd4 Ra5+ 54. Kb4 Rxf5 55. Kxb3 Rb5+ 56. Kc4 Rh5 57. Na4 Kb7 58. Nc5+ Kc6 59. Ne4 Rh1 60. Nc3 Rc1 61. Kb4 Rc2 62. Kc4 Rc1 63. Kb4 Nh2 64. Kc4 Nf3 65. Bf6 Nd2+ 66. Kd4 Rc2 67. Ne4 Nb3+ 68. Ke3 Rc1 69. Be5 Re1+ 70. Kf2 Rb1 71. Ke3 Rh1 72. Nf2 Rh5 73. Bf4 Kd5 74. Ne4 Rh3+ 75. Bg3 Nd4 76. Kf4 Ne2+ 77. Kg4 Rh8 78. Bf2 Rg8+ 79. Kf3 Nc1 80. Ke3 Rh8 81. Nc3+ Ke6 82. Ne4 Rh3+ 83. Bg3 Nb3 84. Kf3 Kf5 85. Kg2 Rh8 86. Kf3 Nd4+ 87. Ke3 Ne6 88. Nd6+ Kg4 89. Be5 Rh3+ 90. Kd2 Ng5 91. Ne4 Nf3+ 92. Kc3 Kf5 93. Nf2 Rh7 94. Bd4 Rc7+ 95. Bc5 Rxc5+ 96. Kb4 Rc8 0-1


[Site "https://www.chess.com"]

[Event "Titled Tuesday Blitz August 02 Early 2022"]
[White "Subaste, Arman"]
[Black "Csonka, Balazs"]
[WhiteFideId "5221080"]
[BlackFideId "742910"]
[WhiteElo "1856"]
[BlackElo "2404"]
[Result "0-1"]
[Round "11"]
[TimeControl "180+1"]
[Date "2022.08.02"]
[WhiteClock "0:00:15"]
[BlackClock "0:00:04"]

1. e4 c5 2. Nf3 d6 3. d4 cxd4 4. Nxd4 Nf6 5. Nc3 Nc6 6. Be3 Ng4 7. Nxc6 bxc6 8. Bc1 Qb6 9. Qe2 g6 10. f3 Nf6 11. Rb1 Bg7 12. Be3 Qa5 13. b4 Qc7 14. Qd2 Be6 15. Be2 O-O 16. O-O Nd7 17. Bd4 Bxd4+ 18. Qxd4 a5 19. a3 axb4 20. axb4 Ra3 21. b5 Qa5 22. bxc6 Qxc3 23. Qxc3 Rxc3 24. cxd7 Rxc2 25. Bb5 Rd8 26. Rfc1 Rxc1+ 27. Rxc1 Bxd7 28. Bxd7 Rxd7 29. Kf2 h5 30. h3 Kg7 31. g4 h4 32. Ke3 g5 33. f4 f6 34. fxg5 fxg5 35. Kd4 Ra7 36. Rc3 Ra4+ 37. Kd5 Ra5+ 38. Kd4 Kf6 39. Rf3+ Ke6 40. Rf5 Rxf5 41. exf5+ Kf6 42. Kd5 e6+ 43. fxe6 Ke7 44. Kd4 Kxe6 45. Ke4 d5+ 46. Kd4 Kd6 0-1


[Site "https://www.chess.com"]

[Event "Titled Tuesday Blitz August 02 Early 2022"]
[White "Tanenbaum, Zachary"]
[Black "Itgelt, Khuyagtsogt"]
[WhiteFideId "2060850"]
[BlackFideId "4902912"]
[WhiteElo "2175"]
[BlackElo "2012"]
[Result "1-0"]
[Round "11"]
[TimeControl "180+1"]
[Date "2022.08.02"]
[WhiteClock "0:00:14"]
[BlackClock "0:00:04"]

1. e4 c6 2. d4 d5 3. exd5 cxd5 4. Bd3 Nc6 5. c3 e6 6. Bf4 Bd6 7. Bg3 Nge7 8. Nf3 a6 9. a4 h6 10. O-O O-O 11. Nbd2 Bxg3 12. hxg3 Qd6 13. Re1 Bd7 14. Ne5 Nxe5 15. dxe5 Qb6 16. Nb3 Rac8 17. a5 Qc7 18. Nd4 Nc6 19. Nxc6 Bxc6 20. Bc2 Bb5 21. g4 Rfd8 22. g5 hxg5 23. Qh5 g6 24. Qxg5 d4 25. Re4 Rd5 26. Bb3 Rc5 27. Bxe6 fxe6 28. Qxg6+ Qg7 29. Qxe6+ Qf7 30. Rg4+ Kf8 31. Qh6+ Ke8 32. Rg7 Qf8 33. Qg6+ Kd8 34. Rg8 Qxg8 35. Qxg8+ Ke7 36. Qg7+ Ke6 37. Qf6+ Kd5 38. Qd6+ Kc4 39. Qxd4+ Kb3 40. Qb4+ Kc2 41. Qe4+ Kb3 42. e6 Rc4 43. Qe3 Kxb2 44. Qc1+ Kb3 45. Ra3# 1-0


[Site "https://www.chess.com"]

[Event "Titled Tuesday Blitz August 02 Early 2022"]
[White "Vakhlamov, Igor L."]
[Black "Madaminov, Mukhiddin"]
[WhiteFideId "24126748"]
[BlackFideId "14210703"]
[WhiteElo "2401"]
[BlackElo "2011"]
[Result "1-0"]
[Round "11"]
[TimeControl "180+1"]
[Date "2022.08.02"]
[WhiteClock "0:00:35"]
[BlackClock "0:00:04"]

1. e4 e5 2. Nf3 Nc6 3. Nc3 Nf6 4. Bb5 Bb4 5. Nd5 Be7 6. Nxe7 Qxe7 7. O-O O-O 8. Re1 d6 9. h3 a6 10. Bf1 h6 11. c3 Nh7 12. d4 Qf6 13. a4 Re8 14. d5 Ne7 15. b4 Ng6 16. g3 Ng5 17. Nxg5 hxg5 18. Qh5 Nf4 19. gxf4 gxf4 20. c4 g6 21. Qh6 Qg7 22. Qxg7+ Kxg7 23. c5 Rh8 24. Ra3 a5 25. cxd6 axb4 26. Rb3 cxd6 27. Rxb4 Bxh3 28. Bg2 g5 29. f3 g4 30. fxg4 Bxg4 31. Ba3 Rh6 32. Kf2 Rg6 33. Rg1 b5 34. Bf3 Bxf3 35. Rxg6+ Kxg6 36. Kxf3 bxa4 37. Rb6 Rh8 38. Bxd6 Rh3+ 39. Kg2 Rg3+ 40. Kf2 f6 41. Bxe5 Re3 42. Rxf6+ Kh5 43. Rxf4 Rd3 44. Ke2 Rb3 45. d6 Rb5 46. d7 Rxe5 47. d8=Q a3 48. Qh4+ Kg6 49. Rf6+ Kg7 50. Qh6+ Kg8 51. Rf8# 1-0


[Site "https://www.chess.com"]

[Event "Titled Tuesday Blitz August 02 Early 2022"]
[White "Vasquez Schroeder, Rodrigo"]
[Black "Nguyen, Quoc Hy"]
[WhiteFideId "3400042"]
[BlackFideId "12410853"]
[WhiteElo "2567"]
[BlackElo "1938"]
[Result "1-0"]
[Round "11"]
[TimeControl "180+1"]
[Date "2022.08.02"]
[WhiteClock "0:01:49"]
[BlackClock "0:00:15"]

1. e4 c5 2. Nf3 Nc6 3. d4 cxd4 4. Nxd4 e5 5. Nb5 d6 6. c4 Be7 7. N5c3 Nf6 8. Na3 O-O 9. Nc2 Be6 10. Be2 Rc8 11. O-O Nd7 12. Be3 f5 13. exf5 Bxf5 14. Bg4 Kh8 15. Bxf5 Rxf5 16. Qd3 Qf8 17. b3 Bg5 18. Ne4 Bxe3 19. Nxe3 Rf4 20. Qxd6 Rxe4 21. Qxd7 Nd4 22. Qxb7 Rc6 23. Rae1 h5 24. f3 Rh4 25. Nd5 Rg6 26. Kh1 Rxg2 27. Kxg2 Qf5 28. Rf2 Qh3+ 29. Kh1 Nxf3 30. Qa8+ Kh7 31. Nf6+ gxf6 32. Qxf3 Qd7 33. Qf5+ 1-0


[Site "https://www.chess.com"]

[Event "Titled Tuesday Blitz August 02 Early 2022"]
[White "Vivekananthan, Anish"]
[Black "Harmon-Vellotti, Luke"]
[WhiteFideId "2090775"]
[BlackFideId "2030012"]
[WhiteElo "2734"]
[BlackElo "2354"]
[Result "0-1"]
[Round "11"]
[TimeControl "180+1"]
[Date "2022.08.02"]
[WhiteClock "0:00:11"]
[BlackClock "0:00:16"]

1. d4 Nf6 2. Nf3 e6 3. c4 b6 4. g3 Bb7 5. Bg2 Be7 6. O-O O-O 7. Nc3 Ne4 8. Qc2 Nxc3 9. Qxc3 d6 10. Re1 c5 11. e4 Bf6 12. Qd3 Nc6 13. Be3 cxd4 14. Nxd4 Ne5 15. Qe2 Rc8 16. b3 a6 17. Rac1 Qc7 18. h3 Rfd8 19. Red1 Nd7 20. f4 Qb8 21. Bf2 Qa8 22. Re1 Be7 23. Kh2 Bf8 24. Rcd1 Nc5 25. Bf3 e5 26. Nf5 g6 27. Nh4 exf4 28. gxf4 Re8 29. e5 Bh6 30. Bg3 dxe5 31. fxe5 Ne6 32. Bxb7 Qxb7 33. Qe4 Qe7 34. Nf3 b5 35. cxb5 axb5 36. Re2 Rc3 37. Rf1 Rec8 38. Nd4 Nxd4 39. Qxd4 Rc2 40. Rff2 Rxe2 41. Rxe2 b4 42. Qd5 Qe6 43. Qxe6 fxe6 44. Kg2 Kf7 45. Bh4 g5 46. Be1 Bf8 47. Kf3 Be7 48. Ke4 h5 49. Kd3 Kg6 50. Ke4 Rf8 51. Bd2 Rf1 52. Rg2 Rh1 53. Rg3 h4 54. Rd3 Kh5 55. Kd4 g4 56. hxg4+ Kxg4 57. Kc4 h3 58. Bxb4 Rc1+ 59. Kb5 Bg5 60. Rd4+ Kf5 61. Bd2 Bxd2 62. Rxd2 Kg4 63. Rd4+ Kf3 64. Rh4 Kg3 65. Rh6 h2 66. a4 h1=Q 67. Rxh1 Rxh1 68. a5 Re1 69. a6 Rxe5+ 70. Kb6 Re3 71. b4 Ra3 72. a7 e5 73. Kb7 e4 74. a8=Q Rxa8 75. Kxa8 e3 76. b5 e2 77. b6 e1=Q 78. b7 Qa5+ 79. Kb8 Kf4 80. Kc8 Qc5+ 81. Kd7 Qb6 82. Kc8 Qc6+ 83. Kb8 Ke5 84. Ka7 Qa4+ 85. Kb6 Qb4+ 86. Kc6 Qd6+ 87. Kb5 Qb8 0-1


[Site "https://www.chess.com"]

[Event "Titled Tuesday Blitz August 02 Early 2022"]
[White "Volkov, Maksim"]
[Black "Rama, Tejas"]
[WhiteFideId "54123070"]
[BlackFideId "30907381"]
[WhiteElo "2155"]
[BlackElo "1430"]
[Result "0-1"]
[Round "11"]
[TimeControl "180+1"]
[Date "2022.08.02"]
[WhiteClock "0:00:21"]
[BlackClock "0:00:13"]

1. d4 Nf6 2. c4 e6 3. g3 d5 4. Nf3 dxc4 5. Bg2 c5 6. O-O Nc6 7. dxc5 Qxd1 8. Rxd1 Bxc5 9. Nbd2 c3 10. bxc3 O-O 11. Nb3 Be7 12. Nfd4 Bd7 13. Nxc6 Bxc6 14. Bxc6 bxc6 15. Be3 Nd5 16. Bd4 c5 17. Be5 c4 18. Na5 Rfc8 19. Rab1 Nb6 20. e4 Rc5 21. Bd6 Bxd6 22. Nb7 Be7 23. Nxc5 Bxc5 24. Rb5 Be7 25. Ra5 Kf8 26. Rb1 Bd8 27. Rh5 h6 28. Rb4 Bf6 29. e5 g6 30. Rxh6 Bxe5 31. Rb5 Bxc3 32. Rc5 Bd4 33. Rc7 Kg7 34. Rh4 e5 35. Re4 c3 36. Kf1 Nd5 37. Rc4 Rb8 38. a4 Rb2 39. f4 f5 40. Re2 Ne3+ 41. Rxe3 Bxe3 42. Rxc3 exf4 43. Rc7+ Kh6 44. gxf4 Rxh2 45. a5 Rf2+ 46. Ke1 Rxf4 47. a6 Bb6 48. Rb7 Ra4 0-1


[Site "https://www.chess.com"]

[Event "Titled Tuesday Blitz August 02 Early 2022"]
[White "Vovk, Orest"]
[Black "Atakhan, Abtin"]
[WhiteFideId "14113490"]
[BlackFideId "22502203"]
[WhiteElo "2203"]
[BlackElo "2087"]
[Result "1/2-1/2"]
[Round "11"]
[TimeControl "180+1"]
[Date "2022.08.02"]
[WhiteClock "0:00:16"]
[BlackClock "0:00:14"]

1. h3 e5 2. g4 d5 3. Bg2 c6 4. d4 e4 5. c4 Bb4+ 6. Nc3 Ne7 7. Qb3 a5 8. a3 dxc4 9. Qc2 Bxc3+ 10. bxc3 f5 11. gxf5 Bxf5 12. Bxe4 Bxe4 13. Qxe4 O-O 14. Nf3 Nd5 15. Bd2 Nd7 16. Rg1 N7f6 17. Qe6+ Kh8 18. Ne5 Qc7 19. Qf5 Rae8 20. O-O-O Qb6 21. e4 Ne7 22. Qg5 g6 23. Qh4 Qb3 24. Rxg6 Qxa3+ 25. Kc2 Qb3+ 26. Kc1 Qa3+ 27. Kc2 Qa4+ 28. Kc1 Qa1+ 29. Kc2 Qa2+ 30. Kc1 Qa3+ 1/2-1/2


[Site "https://www.chess.com"]

[Event "Titled Tuesday Blitz August 02 Early 2022"]
[White "Wagner, Dennis"]
[Black "Kucuksari, Kaan"]
[WhiteFideId "24650684"]
[BlackFideId "6380166"]
[WhiteElo "2355"]
[BlackElo "2305"]
[Result "1-0"]
[Round "11"]
[TimeControl "180+1"]
[Date "2022.08.02"]
[WhiteClock "0:00:04"]
[BlackClock "0:00:02"]

1. e4 c6 2. d4 d5 3. f3 dxe4 4. fxe4 e5 5. Nf3 exd4 6. Bc4 Nd7 7. O-O Ngf6 8. Bg5 Be7 9. e5 Nd5 10. Bxd5 cxd5 11. Bxe7 Qxe7 12. Qxd4 O-O 13. Nc3 Nb6 14. Nxd5 Nxd5 15. Qxd5 Be6 16. Qd6 Qxd6 17. exd6 Rac8 18. Rf2 Rfd8 19. Rd1 a5 20. a3 Bf5 21. c3 Be6 22. Rd4 h6 23. h4 f6 24. h5 Rc6 25. Rfd2 Bf7 26. g4 Bb3 27. Kf2 Kf7 28. Kg3 a4 29. Kf4 Ke6 30. Re2+ Kf7 31. Re7+ Kf8 32. Nh4 Rcxd6 33. Ng6+ Kg8 34. Rxd6 Rxd6 35. Rxb7 Rd2 36. Ne7+ Kf8 37. Nf5 Rxb2 38. Nxg7 Rf2+ 39. Ke4 Ra2 40. Kf5 Bf7 41. Kxf6 Rf2+ 42. Nf5 Be8 43. Rb8 Rf1 44. Ra8 Rf2 45. c4 Rf1 46. c5 Rf2 47. c6 Rc2 48. Nd6 Rf2+ 49. Ke6 Kg7 50. Nxe8+ Kh7 51. Ra7+ Kh8 52. Nd6 Re2+ 53. Kd7 Kg7 54. c7 Kh7 55. c8=Q Re7+ 56. Kxe7 1-0


[Site "https://www.chess.com"]

[Event "Titled Tuesday Blitz August 02 Early 2022"]
[White "Wu, Rochelle"]
[Black "Omariev, Maksim"]
[WhiteFideId "30908132"]
[BlackFideId "4193423"]
[WhiteElo "2168"]
[BlackElo "2510"]
[Result "0-1"]
[Round "11"]
[TimeControl "180+1"]
[Date "2022.08.02"]
[WhiteClock "0:00:13"]
[BlackClock "0:00:15"]

1. d4 d6 2. c4 Nc6 3. Nc3 e5 4. d5 Nce7 5. e4 f5 6. Bd3 Nf6 7. Nge2 f4 8. b4 a5 9. bxa5 Rxa5 10. Bd2 b6 11. Qb3 g5 12. a4 g4 13. Nb5 Ra8 14. Bc3 Nd7 15. a5 Nc5 16. Qb1 Ng6 17. axb6 Rxa1 18. Qxa1 Nxd3+ 19. Kd2 Nxf2 20. Nxc7+ Kf7 21. Rb1 Nxe4+ 22. Kd1 f3 23. Ng3 fxg2 24. Ne2 Nf4 25. b7 Qxc7 26. b8=Q Qxc4 27. Qaa7+ Be7 28. Qbc7 Qxe2+ 0-1